 Dungeon Crawl Stone Soup version 0.32-a0-814-g0968bab981 (webtiles) character file.

Game seed: 9025083728989483034

141208 Kenran the Brawler (level 16, 0/134 HPs)
             Began as a Minotaur Alchemist on Mar 22, 2024.
             Was the Champion of Hepliaklqana.
             Slain by a wolf spider (4 damage)
             ... on level 4 of the Spider Nest.
             The game lasted 00:49:35 (26993 turns).

Kenran the Brawler (Minotaur Alchemist)            Turns: 26993, Time: 00:49:35

Health: 0/134      AC: 14    Str: 23    XL:     16   Next: 77%
Magic:  0/22       EV:  5    Int: 11    God:    Hepliaklqana [******]
Gold:   2106       SH:  0    Dex: 12    Spells: 16/17 levels left

rFire   . .          .
                       - Unarmed
rCold   . . .        E - +0 kite shield
rNeg    . . .        A - +0 plate armour
rPois   +            R - +2 hat
rElec   .            l - +1 cloak
rCorr   .            J - +0 pair of gloves
SInv    .            C - +0 pair of boots
Will    +....        f - amulet of guardian spirit Stlth
                     G - ring of poison resistance
HPRegen 0.42/turn    F - +5 ring of evasion
MPRegen 0.18/turn

%: guardian spirit
@: marked, corroded, held
A: reduced essence, horns 2, retaliatory headbutt, shaggy fur 1, strong 1
a: Renounce Religion, Recall Ancestor, Ancestor Identity, Transference, Idealise


You were on level 4 of the Spider Nest.
You worshipped Hepliaklqana.
Hepliaklqana was exalted by your worship.
You visited 3 branches of the dungeon, and saw 24 of its levels.
You also visited: Ice Cave.

You collected 2226 gold pieces.
You spent 120 gold pieces at shops.

Inventory:

Missiles
 d - 11 curare-tipped darts
 n - 5 throwing nets
Armour
 l - a +1 cloak (worn)
 A - a +0 plate armour (worn)
 C - a +0 pair of boots (worn)
 E - a +0 kite shield (worn)
 J - a +0 pair of gloves (worn)
 R - a +2 hat (worn)
Jewellery
 e - a ring of resist corrosion
 f - an amulet of guardian spirit (around neck)
 j - a ring of positive energy
 B - the ring of a Thousand Artisans {rC+ Will+}
   (You found it on level 5 of the Dungeon)

   [ring of willpower]

   rC+:       It protects you from cold.
   Will+:     It increases your willpower.
 F - a +5 ring of evasion (right hand)
 G - a ring of poison resistance (left hand)
 O - a ring of protection from fire
Wands
 h - a wand of iceblast (29)
 q - a wand of flame (57)
 y - a wand of acid (6)
 M - a wand of polymorph (6)
Scrolls
 c - 8 scrolls of teleportation
 i - 3 scrolls of revelation
 p - 5 scrolls of enchant armour
 s - 8 scrolls of blinking
 u - 2 scrolls of identify {@r1}
 v - 4 scrolls of immolation {!r}
 D - a scroll of fear
 H - 4 scrolls of poison {!r}
 K - a scroll of summoning
 P - a scroll of fog
Potions
 a - 12 potions of curing {@q1}
 b - 2 potions of magic
 g - 6 potions of degeneration {!q}
 k - 5 potions of haste
 m - 4 potions of might
 o - 5 potions of attraction {!q}
 r - 2 potions of lignification {!q}
 t - 7 potions of heal wounds {@q2}
 w - 2 potions of cancellation
 z - 6 potions of invisibility
 I - 2 potions of enlightenment
 L - a potion of mutation {!q}
 Q - a potion of resistance
Miscellaneous
 x - a phantom mirror
 N - a phial of floods
 S - a sack of spiders


   Skills:
 + Level 15.0 Fighting
 - Level 16.0 Armour
 - Level 2.1 Dodging
 - Level 1.5 Stealth
 - Level 12.0 Shields
 + Level 20.5 Unarmed Combat
 - Level 1.3 Spellcasting
 - Level 0.6 Conjurations
 - Level 2.1 Alchemy
 + Level 9.3 Invocations
 - Level 5.0 Evocations


You had 16 spell levels left.
You knew the following spells:

 Your Spells              Type           Power      Damage    Failure   Level
a - Sting                 Conj/Alch      12%        1d3       94%         1

Your spell library contained the following spells:

 Spells                   Type           Power      Damage    Failure   Level
 Magic Dart               Conj           8%         1d3       97%         1
 Foxfire                  Conj/Fire      4%         2x1d4     98%         1
 Shock                    Conj/Air       4%         1d3       98%         1
 Apportation              Tloc           0%         N/A       99%         1
 Ensorcelled Hibernation  Hex/Ice        0%         N/A       99%         2
 Jinxbite                 Hex            0%         N/A       99%         2
 Mercury Vapours          Alch/Air       6%         N/A       99%         2
 Searing Ray              Conj           4%         2d4       99%         2
 Fugue of the Fallen      Necr           0%         N/A       100%        3
 Hailstorm                Conj/Ice       1%         3d5       100%        3
 Mephitic Cloud           Conj/Alch/Air  2%         N/A       100%        3
 Sigil of Binding         Hex            0%         N/A       100%        3
 Stone Arrow              Conj/Erth      2%         3d7       100%        3
 Summon Ice Beast         Ice/Summ       0%         N/A       100%        3
 Volatile Blastmotes      Fire/Tloc      0%         2d10      100%        3
 Anguish                  Hex/Necr       0%         N/A       100%        4
 Animate Armour           Summ/Erth      0%         N/A       100%        4
 Brom's Barrelling Bould  Conj/Erth      1%         2d3       100%        4
 Cause Fear               Hex            0%         N/A       100%        4
 Fulminant Prism          Conj/Alch      1%         3d5       100%        4
 Ignite Poison            Fire/Alch      3%         N/A       100%        4
 Iskenderun's Mystic Bla  Conj/Tloc      1%         2d3       100%        4
 Olgreb's Toxic Radiance  Alch           5%         N/A       100%        4
 Passage of Golubria      Tloc           0%         N/A       100%        4
 Sticky Flame             Fire/Alch      3%         2d4       100%        4
 Summon Lightning Spire   Summ/Air       0%         N/A       100%        4
 Alistair's Intoxication  Alch           3%         N/A       100%        5
 Fireball                 Conj/Fire      0%         3d3       100%        5
 Iskenderun's Battlesphe  Conj           2%         2d6       100%        5
 Lee's Rapid Deconstruct  Erth           0%         3d4*      100%        5
 Silence                  Hex/Air        0%         N/A       100%        5
 Summon Forest            Summ/Tloc      0%         N/A       100%        5
 Summon Mana Viper        Hex/Summ       0%         N/A       100%        5
 Conjure Ball Lightning   Conj/Air       0%         3x3d6     100%        6
 Death Channel            Necr           0%         N/A       100%        6
 Permafrost Eruption      Ice/Erth       0%         2x4d2     100%        6
 Sculpt Simulacrum        Ice/Alch       1%         N/A       100%        6
 Summon Cactus Giant      Summ           0%         N/A       100%        6
 Orb of Destruction       Conj           1%         9d5       100%        7
 Ozocubu's Refrigeration  Ice            0%         4d7       100%        7
 Lehudib's Crystal Spear  Conj/Erth      0%         10d2      100%        8
 Dragon's Call            Summ           0%         N/A       100%        9
 Polar Vortex             Ice            0%         N/A       100%        9


Dungeon Overview and Level Annotations

Branches:
Dungeon (15/15)            Temple (0/1) D:7            Lair (5/5) D:8
 Shoals (0/4) Lair:3       Spider (4/4) Lair:3        Slime (0/5) Lair:4
    Orc (0/2) D:9          Vaults (0/5) D:14         Depths (0/4) D:15
  IceCv (visited)

Altars:
Cheibriados
Gozag
Hepliaklqana
Kikubaaqudgha
Makhleb
Sif Muna
Uskayaw
Vehumet
Zin

Shops:
D:8 !

Annotations:
D:8 3 runed translucent doors, anet's ghost, novice MDCj
Lair:1 exclusion: oklob plant


Innate Abilities, Weirdness & Mutations

Your life essence is reduced to manifest your ancestor. (-10% HP)
You have a pair of horns on your head.
You reflexively headbutt those who attack you in melee.
You are covered in fur. (AC +1)
Your muscles are strong. (Str +4, Int/Dex -1)


Message History

The jumping spider bites you but does no damage.
The entropy weaver points at you and mumbles some strange words.
The entropic weave corrodes you! The wolf spider hits you.
The wolf spider bites you but does no damage.
You struggle to detach yourself from the web.
The jumping spider pounces on you! The jumping spider barely misses you.
The demonic crawler hits you but does no damage.
The demonic crawler hits you!
* * * LOW HITPOINT WARNING * * *
The demonic crawler hits you but does no damage.
Fixax Gurirgh hits the redback with a +0 dagger of draining.
Fixax Gurirgh drains the redback.
The entropy weaver hits you.
* * * LOW HITPOINT WARNING * * *
The entropy weaver hits you.
* * * LOW HITPOINT WARNING * * *
The entropy weaver hits you but does no damage.
The entropy weaver hits you!
* * * LOW HITPOINT WARNING * * *
The entropy weaver hits you but does no damage.
The entropy weaver completely misses you.
The entropy weaver barely misses you. The entropy weaver hits you!
* * * LOW HITPOINT WARNING * * *
The wolf spider hits you but does no damage.
The wolf spider bites you.
* * * LOW HITPOINT WARNING * * *
The jumping spider pounces on you.
* * * LOW HITPOINT WARNING * * *
The jumping spider bites you but does no damage.
Fixax Gurirgh hits the redback with a +0 dagger of draining!
Fixax Gurirgh drains the redback.
The demonic crawler hits you but does no damage.
The demonic crawler barely misses you.
The demonic crawler hits you but does no damage.
You struggle to detach yourself from the web.
The entropy weaver hits you but does no damage. x3
The entropy weaver hits you!
* * * LOW HITPOINT WARNING * * *
The wolf spider hits you.
You die...
Hepliaklqana delivers you to your ancestors.

.....................✳#
............†..#...✳..#
✳..†.......†.......#
~~|...........✳....### #
≣✳............)......#.#
~....✳.......s.#........
.......?.........✳.....#
.........R.....BsB......
.........s✳....s@......#
✳...............s........✳
≣......✳..................
✳...✳.#...............#.##
.........✳...............#
...............##
................##
.....$...........##
✳..............✳#


You could see the friendly Fixax Gurirgh the hexer, 2 entropy weavers, 2 demonic
crawlers, a wolf spider, a jumping spider and a redback (paralysed, drained,
ally target).

Vanquished Creatures
  Nessos (D:13)
  An entropy weaver (Spider:3)
  A hydra (Lair:5)
  3 jorogumos
  4 vault guards (D:14)
  A rakshasa (D:15)
  A catoblepas (D:13)
  4 two-headed ogres
  2 boulder beetles (Spider:3)
  4 centaur warriors
  2 radroaches
  A tengu warrior (D:14)
  9 demonic crawlers
  Urug (Lair:5)
  A death yak (D:8)
  Amaemon (Lair:2)
  2 skysharks
  Sonja (D:12)
  5 pharaoh ants
  4 skeletal warriors (D:13)
  7 orb spiders
  Lodul (D:13)
  An arcanist (D:14)
  2 steelbarb worms
  3 sun moths
  A deep elf zephyrmancer (D:15)
  2 necromancers
  An oklob plant (Lair:5)
  12 wolf spiders
  3 manticores
  A salamander (shapeshifter) (D:14)
  7 ugly things
  A centaur zombie (D:15)
  3 elephants (Lair:5)
  6 black mambas
  2 cyclopes
  An orange demon (Lair:2)
  3 ice statues (IceCv)
  A gargoyle (D:12)
  6 rime drakes
  7 cane toads
  9 komodo dragons
  A yaktaur (D:14)
  A freezing wraith (IceCv)
  A tengu conjurer (D:15)
  4 trolls
  4 polar bears (Lair:5)
  2 hornets (Lair:5)
  3 dream sheep (Lair:5)
  A raiju (shapeshifter) (D:14)
  21 tarantellas
  10 jumping spiders
  8 blink frogs
  11 slime creatures
  3 wraiths
  8 spriggans
  A vampire (D:9)
  12 culicivoras
  A dire elephant simulacrum (IceCv)
  42 yaks
  4 wyverns
  8 basilisks
  A fire elemental (Lair:3)
  6 hogs (D:14)
  11 humans (D:14)
  Grum (Lair:1)
  7 vampire mosquitoes
  A death yak simulacrum (IceCv)
  38 redbacks
  A steam dragon (Lair:2)
  A harpy simulacrum (IceCv)
  An acid dragon (D:12)
  12 water moccasins
  An orc warrior (D:14)
  An ice beast (D:6)
  2 boggarts (Lair:5)
  6 black bears
  5 ogres (D:13)
  13 centaurs
  28 wolves
  A phantom (D:6)
  5 kobold brigands
  3 bullfrogs
  A gnoll sergeant (D:8)
  5 scorpions
  2 wights (D:7)
  3 elephant simulacra (IceCv)
  2 killer bees (D:8)
  5 electric eels
  4 howler monkeys
  A hexer (Lair:5)
  4 bombardier beetles
  9 orc priests
  5 hounds
  2 jellies
  A gnoll bouda (D:6)
  5 iguanas
  2 sleepcaps
  5 orc wizards
  8 gnolls
  9 adders
  A shadow imp (D:6)
  3 white imps
  2 ufetubi (D:6)
  A dart slug (D:4)
  2 ribbon worms
  30 orcs
  10 ball pythons
  4 bats
  7 endoplasms
  4 giant cockroaches
  6 goblins
  7 hobgoblins
  4 jackals
  2 quokkas
  22 kobolds
  9 rats
607 creatures vanquished.

Vanquished Creatures (collateral kills)
  Kirke (D:13)
  A fire dragon (D:15)
  A rakshasa (D:15)
  A hydra (Lair:4)
  2 catoblepae
  A boulder beetle (D:13)
  5 two-headed ogres
  A sun moth (Spider:3)
  2 wolf spiders (Spider:3)
  A cyclops (D:13)
  An ugly thing (D:12)
  2 elephants (Lair:5)
  A centaur zombie (D:15)
  A black mamba (Lair:4)
  A rime drake (Lair:4)
  2 cane toads
  An unseen horror (D:10)
  Psyche (D:9)
  A polar bear (Lair:5)
  4 tarantellas
  2 hornets
  5 blink frogs
  2 jumping spiders
  A centaur simulacrum (D:15)
  3 spriggans (Lair:5)
  5 slime creatures
  5 yaks
  4 culicivoras
  A hog (D:14)
  A steam dragon (D:9)
  A basilisk (Lair:1)
  6 humans (D:14)
  A death yak simulacrum (IceCv)
  11 redbacks
  2 black bears
  An orc warrior (D:11)
  2 laughing skulls
  A boggart (shapeshifter) (D:14)
  2 boggarts
  A centaur (D:11)
  An ogre (D:13)
  2 wolves
  A wight (D:7)
  4 killer bees
  A howler monkey (D:6)
  2 hounds
  A jelly (D:6)
  A gnoll bouda (D:8)
  A sleepcap (D:5)
  6 orc wizards
  A polar bear simulacrum (IceCv)
  4 gnolls
  A white imp (D:8)
  7 orcs
  2 kobolds (D:6)
123 creatures vanquished.

Vanquished Creatures (others)
  An occultist (D:15)
  A blink frog (Lair:2)
  A culicivora (Spider:4)
  22 hexers
25 creatures vanquished.

Grand Total: 755 creatures vanquished

Notes
Turn   | Place    | Note
-------+----------+-------------------------------------------
     0 | D:1      | Kenran the Minotaur Alchemist began the quest for the Orb.
     0 | D:1      | Reached XP level 1. HP: 14/14 MP: 1/1
    97 | D:1      | Reached skill level 1 in Unarmed Combat
   176 | D:1      | Reached XP level 2. HP: 13/20 MP: 3/3
   260 | D:1      | Reached skill level 2 in Unarmed Combat
   788 | D:2      | Reached skill level 3 in Unarmed Combat
   788 | D:2      | Reached XP level 3. HP: 25/26 MP: 4/4
  1027 | D:2      | Reached skill level 4 in Unarmed Combat
  1027 | D:2      | Reached XP level 4. HP: 33/33 MP: 5/5
  1409 | D:3      | Reached skill level 5 in Unarmed Combat
  1449 | D:3      | Reached XP level 5. HP: 36/38 MP: 4/6
  1685 | D:3      | Reached skill level 6 in Unarmed Combat
  1951 | D:3      | Found a hazy altar of Hepliaklqana.
  1960 | D:3      | Became a worshipper of Hepliaklqana the Forgotten
  2097 | D:3      | Got Rejemut's Incunable of Injury and the Queen Bee
  2215 | D:4      | Found a hide-covered altar of Uskayaw.
  2223 | D:4      | Reached XP level 6. HP: 38/45 MP: 4/7
  2415 | D:4      | Found a radiant altar of Vehumet.
  2538 | D:4      | Reached skill level 7 in Unarmed Combat
  2726 | D:4      | Reached * piety under Hepliaklqana
  2894 | D:5      | Entered Level 5 of the Dungeon
  2901 | D:5      | Reached skill level 8 in Unarmed Combat
  2901 | D:5      | Reached XP level 7. HP: 44/45 MP: 6/8
  2975 | D:5      | Found an opulent altar of Gozag.
  2977 | D:5      | Identified the ring of a Thousand Artisans {rC+ Will+}
  3072 | D:5      | Reached skill level 9 in Unarmed Combat
  3300 | D:5      | Reached skill level 10 in Unarmed Combat
  3300 | D:5      | Reached XP level 8. HP: 50/51 MP: 7/9
  3558 | D:6      | Reached skill level 5 in Armour
  3558 | D:6      | Reached ** piety under Hepliaklqana
  3561 | D:6      | Remembered your ancestor Fixax Gurirgh as a hexer
  3596 | D:6      | Reached skill level 1 in Fighting
  3855 | D:6      | Found an ancient bone altar of Kikubaaqudgha.
  3934 | D:6      | Found a glowing silver altar of Zin.
  3938 | D:6      | Reached skill level 5 in Fighting
  4375 | D:7      | Reached XP level 9. HP: 67/67 MP: 10/10
  4530 | D:7      | Found a staircase to the Ecumenical Temple.
  4536 | D:7      | Identified the staff of Intuition {^Drain rElec Str+3 Dex+4
                  | Necro Air}
  5293 | D:8      | Found a staircase to the Lair.
  5294 | D:8      | Noticed a death yak
  5330 | D:8      | Killed a death yak
  5331 | D:8      | Reached skill level 11 in Unarmed Combat
  5441 | D:8      | Reached XP level 10. HP: 66/79 MP: 8/11
  5616 | D:8      | Reached skill level 12 in Unarmed Combat
  5892 | D:8      | Noticed anet's ghost (novice MDCj)
  5907 | D:8      | Found Suwutefu's Distillery.
  5914 | D:8      | Bought a potion of heal wounds for 60 gold pieces
  5914 | D:8      | Bought a potion of heal wounds for 60 gold pieces
  5930 | D:8      | Reached *** piety under Hepliaklqana
  6244 | D:8      | Found a runed translucent gate.
  6244 | D:8      | Found a runed translucent gate.
  6244 | D:8      | Found a runed translucent gate.
  6294 | D:8      | Found a shimmering blue altar of Sif Muna.
  6632 | D:9      | Reached skill level 10 in Armour
  6717 | D:9      | Found a snail-covered altar of Cheibriados.
  6832 | D:9      | Found a staircase to the Orcish Mines.
  6861 | D:9      | Noticed a two-headed ogre
  6866 | D:9      | Killed a two-headed ogre
  6867 | D:9      | Reached skill level 13 in Unarmed Combat
  7097 | D:9      | Reached skill level 14 in Unarmed Combat
  7338 | D:9      | Found a burning altar of Makhleb.
  7338 | D:9      | Noticed an Executioner
  7341 | D:9      | Noticed an orange demon
  7466 | D:9      | Noticed Psyche
  7471 | D:9      | Killed Psyche
  7472 | D:9      | Reached skill level 1 in Invocations
  7472 | D:9      | Reached skill level 1 in Evocations
  7528 | D:10     | Entered Level 10 of the Dungeon
  7620 | D:10     | Reached XP level 11. HP: 81/84 MP: 10/12
  7623 | D:10     | Reached **** piety under Hepliaklqana
  7635 | D:10     | Noticed a two-headed ogre
  7635 | D:10     | Noticed a two-headed ogre
  7666 | D:10     | Killed a two-headed ogre
  7818 | D:9      | Killed a two-headed ogre
  8099 | D:10     | Noticed a two-headed ogre
  8105 | D:10     | Killed a two-headed ogre
  8208 | D:10     | Noticed a two-headed ogre
  8215 | D:10     | Killed a two-headed ogre
  8234 | D:10     | Reached skill level 5 in Evocations
  8234 | D:10     | Reached skill level 1 in Shields
  8392 | D:11     | Noticed a brown ugly thing
  8839 | D:10     | Killed a brown ugly thing
  8850 | D:10     | Reached skill level 5 in Shields
  9675 | Lair:1   | Entered Level 1 of the Lair of Beasts
  9679 | Lair:1   | Found a shimmering blue altar of Sif Muna.
  9890 | Lair:1   | Noticed Grum
  9898 | Lair:1   | Killed Grum
  9899 | Lair:1   | Reached XP level 12. HP: 73/90 MP: 10/14
 10913 | Lair:2   | Reached skill level 15 in Unarmed Combat
 11253 | Lair:2   | Reached ***** piety under Hepliaklqana
 11362 | Lair:2   | Noticed Amaemon
 11374 | Lair:2   | Killed Amaemon
 11577 | Lair:2   | Reached skill level 16 in Unarmed Combat
 12211 | Lair:3   | Found a hole to the Spider Nest.
 12704 | Lair:3   | Found a staircase to the Shoals.
 12740 | Lair:3   | Noticed a catoblepas
 12749 | Lair:3   | Killed a catoblepas
 13028 | Lair:4   | You fall into a shaft and drop 1 floor!
 13028 | Lair:5   | Entered Level 5 of the Lair of Beasts
 13055 | Lair:5   | Reached XP level 13. HP: 86/96 MP: 11/15
 13162 | Lair:4   | Found a staircase to the Slime Pits.
 13341 | Lair:4   | Found a frozen archway.
 13359 | IceCv    | Entered an ice cave
 13496 | IceCv    | Reached skill level 10 in Fighting
 13543 | IceCv    | Reached skill level 17 in Unarmed Combat
 13543 | IceCv    | Reached XP level 14. HP: 98/108 MP: 16/16
 13951 | IceCv    | Identified the staff "Upleozel" {rElec rF+ Will+ Air}
 14451 | Lair:5   | Identified the +2 robe of Upeufrumm {rC+}
 14587 | Lair:5   | Reached skill level 18 in Unarmed Combat
 14638 | Lair:5   | Noticed Urug
 14650 | Lair:5   | Killed Urug
 14919 | Lair:5   | Reached skill level 5 in Invocations
 15985 | Lair:5   | Reached skill level 10 in Shields
 16195 | D:12     | Noticed Sonja
 16513 | D:12     | Killed Sonja
 16928 | D:12     | Reached XP level 15. HP: 99/120 MP: 15/18
 17258 | D:13     | Noticed Nessos
 17267 | D:13     | Killed Nessos
 17273 | D:13     | Noticed Lodul
 17280 | D:13     | Killed Lodul
 19213 | D:14     | Reached skill level 15 in Armour
 19851 | D:14     | Found a gate to the Vaults.
 20203 | D:14     | Reached skill level 19 in Unarmed Combat
 20266 | D:14     | Reached ****** piety under Hepliaklqana
 20326 | D:14     | Noticed Kirke
 20431 | D:13     | Killed Kirke
 20653 | D:15     | Entered Level 15 of the Dungeon
 21936 | D:15     | Found a staircase to the Depths.
 22158 | Spider:1 | Entered Level 1 of the Spider Nest
 22521 | Spider:1 | Reached skill level 20 in Unarmed Combat
 22796 | Spider:1 | Reached XP level 16. HP: 111/131 MP: 16/19
 25544 | Spider:3 | Gained mutation: Armour fits poorly on your strangely
                  | shaped body. [mutagenic glow]
 26635 | Spider:3 | Lost mutation: Armour fits poorly on your strangely shaped
                  | body. [potion of mutation]
 26635 | Spider:3 | Gained mutation: You are covered in fur. (AC +1) [potion of
                  | mutation]
 26635 | Spider:3 | Gained mutation: Your muscles are strong. (Str +4, Int/Dex
                  | -1) [potion of mutation]
 26660 | Spider:4 | Entered Level 4 of the Spider Nest
 26937 | Spider:4 | Reached skill level 15 in Fighting
 26993 | Spider:4 | HP: 4/134 [entropy weaver (7)]
 26993 | Spider:4 | Slain by a wolf spider

Illustrated notes

Levels and vault maps discovered:
D:1:      giann_horns, layout_basic, fountainhead, reono_crystal_passage,
          minmay_pentomino_o2
D:2:      layout_rooms, serial_bayou_pond_c, kennysheep_generic_room_8
D:3:      minmay_inner_zag, layout_loops_cross, nzn_hepliaklqana_mist_gate,
          minmay_fractal_squares_5
D:4:      layout_cave_pods, eat_drink_and_be_merry_uskayaw, lemuel_round_altar
D:5:      layout_rooms, mainiacjoe_overflow_small_starburst
D:6:      nicolae_cairo_tiling_large_dashed, layout_loops_ring,
          lemuel_crystal_altar, mainiacjoe_overflow_concentric_impassable,
          minivault_10
D:7:      nicolae_whirlpool, layout_basic, minmay_temple_entry_trees
D:8:      layout_basic, lemuel_blue_sif_altar, dpeg_lair_monsters,
          gammafunk_ghost_icy, serial_shops, nicolae_diamond_shop
D:9:      layout_loops_ring, makhleb_altar_promises_db, slow_altar_2,
          orc_0_dummy, st_stairs_11, uniq_psyche
D:10:     layout_roguey, columned_hall_lemuel
D:11:     layout_cave_pools
D:12:     layout_cave_pools, uniq_sonja
D:13:     layout_loops_ring, dk_noncrumbling_4, minmay_misc_feat_iff,
          uniq_lodul, uniq_nessos
D:14:     layout_irregular_city, grunt_vaults_entry_tiered,
          serial_co_window_serial, co_window_cross_1, co_window_paths_a,
          co_window_paths_a, co_window_paths_b, co_window_corner_a,
          co_window_corner_ca, co_window_of_opportunity_c,
          co_window_of_opportunity_b, co_window_broadway_c, co_window_paths_d,
          co_window_paths_e, glass_columns_b, glass_columns_c, glass_columns_b,
          uniq_kirke
D:15:     grunt_enter_depths_magical_seal, layout_loops_ring, chequers_arboretum
Lair:1:   layout_loops_ring, basic_altar, st_stairs_8, uniq_grum
Lair:2:   layout_big_grid, serial_bayou_pond_d, serial_bayou_shore_b,
          infiniplex_staircase_pool_2, uniq_amaemon
Lair:3:   layout_gridlike, shoals_dummy_entry, spider_nest_entry_web_field,
          serial_rivers, chequers_serial_rivers_marsh,
          chequers_serial_rivers_micro_d, chequers_serial_rivers_room_a,
          chequers_serial_rivers_micro_c, chequers_serial_rivers_room_b
Lair:4:   layout_misc_corridors, dpeg_slime_entry_enclosed,
          portal_ice_cave_rime, st_stairs_12
Lair:5:   minmay_lair_end_enchanted_forest, layout_loops_ring,
          patterned_corridor, uniq_urug
Spider:1: layout_spider_delve, nicolae_spider_webs_and_nodes,
          nicolae_spider_baby_got_redback
Spider:2: layout_spider_delve
Spider:3: layout_spider_delve, nicolae_spider_orb_run
Spider:4: grunt_spider_rune_parallel

Skill      XL: |  1  2  3  4  5  6  7  8  9 10 11 12 13 14 15 16 |
---------------+-------------------------------------------------+-----
Unarmed Combat | 1 3 4 5 6 8 10 11 14 16 17 18 20 | 20.5
Armour         | 2 6 8 10 13 14 16 | 16.0
Fighting       | 6 8 10 12 14 15 | 15.0
Invocations    | 1 4 6 9 |  9.3
Evocations     | 1 5 |  5.0
Shields        | 6 8 10 12 | 12.0
Dodging        | |  2.1
Stealth        | |  1.5
Spellcasting   | |  1.3
Conjurations   | |  0.6
Alchemy        | |  2.1

Action                     |  1- 3 |  4- 6 |  7- 9 | 10-12 | 13-15 | 16-18 || total
---------------------------+-------+-------+-------+-------+-------+-------++-------
  Melee: Unarmed           |    92 |   188 |   255 |   566 |  1025 |   379 ||  2505
         Headbutt          |     9 |    34 |    49 |   132 |   293 |    86 ||   603
         Punch             |     1 |     6 |    20 |     2 |       |       ||    29
 Invoke: Recall Ancestor   |       |       |     3 |     9 |     8 |     1 ||    21
         Ancestor Life: He |       |       |     1 |       |       |       ||     1
  Evoke: Wand              |       |       |       |       |     3 |     6 ||     9
    Use: Scroll            |     5 |     3 |     5 |     6 |     9 |     3 ||    31
         Potion            |       |     1 |       |     2 |     1 |     4 ||     8
   Stab: Distracted        |       |       |     4 |     9 |    13 |     8 ||    34
         Confused          |       |       |     8 |    18 |    13 |     6 ||    45
         Paralysed         |       |       |       |       |    33 |    21 ||    54
 Armour: Robe              |    20 |       |       |       |       |       ||    20
         Chain mail        |    49 |   157 |    87 |       |       |       ||   293
         Plate armour      |       |       |   155 |   459 |   709 |   366 ||  1689
         Skin              |       |       |       |       |     3 |       ||     3
  Dodge: Dodged            |    45 |    59 |    61 |   162 |   365 |   172 ||   864
  Block: Kite shield       |       |       |       |   218 |   451 |   265 ||   934

Table legend: (Time is in decaauts)
 A = Elapsed time spent in this place.
 B = Non-inter-level travel time spent in this place.
 C = Inter-level travel time spent in this place.
 D = Time resting spent in this place.
 E = Time spent auto-exploring this place.
 F = Levels seen in this place.
 G = Mean time per level.
                   A        B        C        D        E       F      G
               +--------+--------+--------+--------+--------+-----+--------+
         Total |  26606 |  25232 |   1374 |   7221 |  12110 |  25 | 1064.2 |
       Dungeon |  15632 |  14820 |    812 |   3255 |   8202 |  15 | 1042.1 |
          Lair |   6285 |   5838 |    447 |   1850 |   2633 |   5 | 1257.0 |
   Spider Nest |   4079 |   3964 |    115 |   1716 |   1260 |   4 | 1019.8 |
      Ice Cave |    610 |    610 |      0 |    400 |     14 |   1 |  610.0 |
               +--------+--------+--------+--------+--------+-----+--------+

Top non-repeatable levels by time:
    D:13: 2016 daAuts
    D:14: 1642 daAuts
Spider:3: 1562 daAuts
  Lair:5: 1556 daAuts
  Lair:2: 1467 daAuts
     D:8: 1301 daAuts
  Lair:3: 1291 daAuts
Spider:1: 1264 daAuts
    D:10: 1250 daAuts
  Lair:1: 1166 daAuts
     D:9: 1145 daAuts
Spider:2: 1119 daAuts
    D:11: 1098 daAuts
    D:15: 1076 daAuts
     D:7: 1022 daAuts
